 Dungeon Crawl Stone Soup version 0.31-a0-963-ga325b2283a (webtiles) character file.

Game seed: 1472828015810629511

1528 CowFu the Changeling (level 8, -5/66 (68) HPs)
             Began as a Pale Draconian Shapeshifter on Oct 24, 2023.
             Slain by a killer bee (7 damage)
             ... on level 9 of the Dungeon.
             The game lasted 00:08:46 (5966 turns).

CowFu the Changeling (Pale Draconian Shapeshifter)  Turns: 5966, Time: 00:08:46

HP:   -5/66 (68)    AC:  6    Str: 18    XL:     8   Next: 55%
MP:   17/17         EV: 13    Int: 10    God:
Gold: 249           SH:  5    Dex: 12    Spells: 7/7 levels left

rFire   . . .        g - +3 scythe (freeze)
rCold   . . .        (shield currently unavailable)
rNeg    . . .        (body armour unavailable)
rPois   .            (helmet currently unavailable)
rElec   .            (cloak currently unavailable)
rCorr   .            (gloves currently unavailable)
SInv    .            (boots currently unavailable)
Will    .....        k - amulet of reflection
Stlth   +            d - ring of magical power
HPRegen 0.31/turn    e - ring of wizardry
MPRegen 0.15/turn

%: reflection, wizardry (x1)
@: lethally poisoned (-5 -> -11), beast-form, lightly drained
A: beast (slay +4), breathe steam, AC +6, unfitting armour, cold-blooded, steam
resistance
a: Breathe Steam, Begin Untransformation


You were on level 9 of the Dungeon.
You were a hulking beast.
You visited 1 branch of the dungeon, and saw 7 of its levels.
You also visited: Sewer.

You collected 249 gold pieces.

Inventory:

Hand Weapons
 g - a +3 scythe of freezing (weapon)
Jewellery
 d - a ring of magical power (left hand)
 e - a ring of wizardry (right hand)
 k - an amulet of reflection (around neck)
 p - an amulet of the acrobat
 v - a ring of fire
Talismans
 b - a beast talisman
 c - a flux talisman
Wands
 u - a wand of charming (12)
Scrolls
 f - 2 scrolls of immolation
 h - a scroll of silence
 q - a scroll of blinking
 r - 2 scrolls of identify
 w - a scroll of revelation {unknown}
Potions
 a - 2 potions of lignification
 i - 2 potions of magic
 j - 2 potions of curing
 l - 2 potions of haste {unknown}
 m - 2 potions of berserk rage {unknown}
 o - a potion of heal wounds {unknown}
 s - 3 potions of attraction {unknown}
 t - 2 potions of invisibility {unknown}
 x - 2 potions of might {unknown}


   Skills:
 + Level 5.2 Fighting
 + Level 4.5 Dodging
 + Level 5.6 Unarmed Combat
 - Level 7.0 Shapeshifting


You had 7 spell levels left.
You didn't know any spells.
Your spell library contained the following spells:

 Spells                   Type           Power      Damage    Failure   Level
 Shock                    Conj/Air       0%         1d3       16%         1
 Swiftness                Air            0%         N/A       41%         3
 Airstrike                Air            0%         2d(0-16)  80%         4


Dungeon Overview and Level Annotations

Branches:
Dungeon (9/15)              Sewer (visited)
 Temple: D:4-7         Lair: D:8-11         Orc: D:9-12

Altars:
Ashenzari
Elyvilon
Makhleb
Okawaru
Uskayaw
Vehumet
Wu Jian


Innate Abilities, Weirdness & Mutations

You are a hulking beast.
Your limbs bulge with bestial killing power. (Slay +4)
You can breathe blasts of scalding, opaque steam.
Your pale cyan-grey scales are hard. (AC +6)
You cannot fit into any form of body armour.
You are cold-blooded and may be slowed by cold attacks.
You are immune to the effects of steam.


Message History

The splash of acid misses you.
You are no longer corroded.
Found 16 gold pieces.
The killer bee buzzes angrily.
You hear an angry buzzing noise. x4
The killer bee buzzes angrily.
A killer bee comes into view.
You open the door. The killer bee stings you.
* * * LOW HITPOINT WARNING * * *
A centaur, 2 yaks and a killer bee come into view.
The centaur shouts!
The yak bellows!
The killer bee buzzes angrily.
The yak bellows!
The centaur wields a +0 orcbow.
The centaur shoots an arrow.
The arrow closely misses you. The killer bee barely misses you.
The killer bee stings you.
* * * LOW HITPOINT WARNING * * *
You are poisoned.
The killer bee poisons you!
The killer bee stings you but does no damage.
The centaur shoots an arrow.
The arrow misses you.
There is an open door here.
You feel sick.
The centaur shoots an arrow.
The arrow barely misses you. The yak misses you.
Found a scroll labelled VOULOU MAIS.
You feel sick.
The killer bee attacks as it pursues you!
The killer bee barely misses you. The killer bee closely misses you.
The yak barely misses you.
You feel sick.
The killer bee attacks as it pursues you!
The killer bee stings you but does no damage.
The killer bee barely misses you.
You open the door.
You feel sick. The killer bee closely misses you. x2
A howler monkey comes into view.
You feel sick.
You are no longer poisoned.
The killer bee attacks as it pursues you!
The killer bee stings you.
* * * LOW HITPOINT WARNING * * *
You are lethally poisoned!
The killer bee poisons you! The killer bee stings you!
You die...

##....D............
#.....###.#.......
.............###+###
.......###...#.....#
.......# #.#D#cY...#
.......# #.#z'y#Y#.+
...$...# #.#.##y#.#
..#.#?#y# #...###h#
##..# ##.h# ##.# #.#
#y+ #+ #y


You could see a centaur, a howler monkey (asleep) and 3 killer bees.

Vanquished Creatures
  Sigmund (D:3)
  2 steam dragons (D:9)
  A centaur (D:9)
  An ogre (D:4)
  5 kobold brigands
  A scorpion (D:5)
  2 orc priests (D:5)
  A hound (D:5)
  A jelly (D:5)
  2 iguanas
  3 orc wizards
  3 gnolls (D:2)
  9 adders
  3 river rats (Sewer)
  2 white imps
  2 ufetubi (D:5)
  5 worms
  6 dart slugs
  11 orcs
  2 bats (D:3)
  9 endoplasms
  4 giant cockroaches
  6 goblins
  11 hobgoblins
  3 jackals (D:3)
  3 quokkas
  9 ball pythons
  7 frilled lizards
  14 kobolds
  9 rats
138 creatures vanquished.

Notes
Turn   | Place    | Note
-------+----------+-------------------------------------------
     0 | D:1      | CowFu the Draconian Shapeshifter began the quest for the
                  | Orb.
     0 | D:1      | Reached XP level 1. HP: 16/16 MP: 1/1
   279 | D:1      | Found a faded altar of an unknown god.
   292 | D:1      | Reached XP level 2. HP: 23/23 MP: 2/2
   813 | D:2      | Reached skill level 4 in Shapeshifting
   885 | D:2      | Reached XP level 3. HP: 28/28 MP: 3/3
  1077 | D:2      | Reached XP level 4. HP: 33/35 MP: 4/4
  1475 | D:3      | Found a burning altar of Makhleb.
  1527 | D:3      | Reached skill level 5 in Shapeshifting
  1529 | D:3      | Found a hide-covered altar of Uskayaw.
  1553 | D:3      | Noticed Sigmund
  1573 | D:3      | Killed Sigmund
  1574 | D:3      | Reached skill level 6 in Shapeshifting
  1574 | D:3      | Reached XP level 5. HP: 8/40 MP: 5/5
  1667 | D:3      | Reached XP level 6. HP: 10/47 MP: 6/6
  1700 | D:3      | Found a glowing drain.
  1721 | Sewer    | Entered a sewer
  2277 | Sewer    | Reached skill level 7 in Shapeshifting
  2636 | Sewer    | Your scales start taking on a pale cyan-grey colour.
  2636 | Sewer    | Reached XP level 7. HP: 55/55 MP: 7/7
  2636 | Sewer    | Gained mutation: You are immune to the effects of steam.
                  | [Pale Draconian growth]
  2790 | D:3      | Found an ornate altar of the Wu Jian Council.
  4329 | D:5      | Entered Level 5 of the Dungeon
  4392 | D:5      | Found an iron altar of Okawaru.
  4393 | D:5      | Found a white marble altar of Elyvilon.
  4398 | D:5      | Found a radiant altar of Vehumet.
  4692 | D:5      | Found a broken altar of Ashenzari.
  5310 | D:6      | Reached XP level 8. HP: 52/66 MP: 8/8
  5528 | D:6      | Reached skill level 5 in Unarmed Combat
  5653 | D:6      | You fall into a shaft and drop 3 floors!
  5778 | D:9      | Reached skill level 5 in Fighting
  5966 | D:9      | HP: 2/66 [killer bee (5)]
  5966 | D:9      | Slain by a killer bee

Illustrated notes

Levels and vault maps discovered:
D:1:      lightli_arrival_isolated_outpost, layout_basic,
          shapermc_ecumenical_altar_gd
D:2:      layout_loops_cross, minmay_stone_trees_small
D:3:      layout_loops_cross, mainiacjoe_overflow_tiny_flanked,
          old_standard_altar, mainiacjoe_overflow_six_doors_small,
          portal_sewer_entry_d, roderic_roman_lattice, uniq_sigmund
D:4:      layout_basic, serial_co_window_serial, co_window_corner_a,
          co_window_cross_1, co_window_of_opportunity_a, co_window_cross_1,
          co_window_corner_a, co_window_broadway_c, co_window_unsneaky_path_e,
          co_window_cross_3, co_window_of_opportunity_b,
          co_window_unsneaky_path_d, glass_columns_a, glass_columns_a,
          glass_columns_b, ebering_dispersal_statue_hall
D:5:      layout_loops_ring, general_overflow_altar,
          chequers_temple_overflow_statue_of_worship
D:6:      minmay_diamond_boxcup, layout_loops_corners,
          mainiacjoe_overflow_alcove_1, serial_co_window_serial,
          co_window_paths_a, co_window_of_opportunity_a, co_window_paths_a,
          co_window_corner_a, co_window_paths_a, co_window_broadway_c,
          co_window_broadway_a, co_window_of_opportunity_b, glass_columns_a
D:9:      minmay_the_grid_square_5x5_4x4
          [minmay_the_grid_square_5x5_half_checkered,
          minmay_the_grid_square_5x5_corner,
          minmay_the_grid_square_5x5_tri_point,
          minmay_the_grid_square_5x5_lines, minmay_the_grid_square_5x5_n_small,
          minmay_the_grid_square_5x5_prize_gold,
          minmay_the_grid_square_5x5_prize_pseudospiral,
          minmay_the_grid_square_5x5_checkered_sparse,
          minmay_the_grid_square_5x5_shrine1,
          minmay_the_grid_square_5x5_prize_junk,
          minmay_the_grid_square_5x5_prize_rear_guard,
          minmay_the_grid_square_5x5_v, minmay_the_grid_square_5x5_dogpile,
          minmay_the_grid_square_5x5_percent,
          minmay_the_grid_square_5x5_three_small,
          minmay_the_grid_square_5x5_meh], layout_basic, lemuel_doored_altar,
          lair_entry_dummy

Skill      XL: |  1  2  3  4  5  6  7  8 |
---------------+-------------------------+-----
Shapeshifting  | 4 6 7 |  7.0
Dodging        | 2 3 4 |  4.5
Fighting       | 2 4 5 |  5.2
Unarmed Combat | 4 5 |  5.6

Action                     |  1- 3 |  4- 6 |  7- 9 || total
---------------------------+-------+-------+-------++-------
  Melee: Unarmed           |    93 |   134 |       ||   227
         Tailslap          |    14 |    27 |    15 ||    56
         Punch             |     3 |     1 |       ||     4
         Halberd           |       |    35 |   153 ||   188
    Use: Scroll            |       |     3 |     8 ||    11
   Stab: Sleeping          |     1 |       |     1 ||     2
 Armour: Skin              |    37 |    68 |   108 ||   213
  Dodge: Dodged            |    44 |    54 |    99 ||   197
  Block: Other             |     5 |    39 |    34 ||    78
         Reflection        |       |       |     2 ||     2

Table legend: (Time is in decaauts)
 A = Elapsed time spent in this place.
 B = Non-inter-level travel time spent in this place.
 C = Inter-level travel time spent in this place.
 D = Time resting spent in this place.
 E = Time spent auto-exploring this place.
 F = Levels seen in this place.
 G = Mean time per level.
                   A        B        C        D        E       F      G
               +--------+--------+--------+--------+--------+-----+--------+
         Total |   6219 |   6054 |    165 |      0 |   4708 |   8 |  777.4 |
       Dungeon |   5054 |   4889 |    165 |      0 |   3826 |   7 |  722.0 |
         Sewer |   1164 |   1164 |      0 |      0 |    881 |   1 | 1164.0 |
               +--------+--------+--------+--------+--------+-----+--------+

Top non-repeatable levels by time:
   Sewer: 1164 daAuts
     D:4: 1050 daAuts
     D:5: 966 daAuts
     D:3: 922 daAuts
     D:2: 808 daAuts
     D:1: 591 daAuts
     D:6: 398 daAuts
     D:9: 316 daAuts
